 Dungeon Crawl Stone Soup version 0.23.2-1-ga50397a6bc (webtiles) character file.

Game seed: 17965195454890977699

39579 MachJacob the Basher (level 14, -10/91 HPs)
             Began as a Gargoyle Fighter on Apr 26, 2019.
             Was a High Priest of Makhleb.
             Killed from afar by an orc sorcerer (33 damage)
             ... with a bolt of fire
             ... on level 2 of the Orcish Mines.
             The game lasted 01:34:50 (25929 turns).

MachJacob the Basher (Gargoyle Fighter)            Turns: 25929, Time: 01:34:51

Health: -10/91     AC: 28    Str: 24      XL:     14   Next: 7%
Magic:  19/19      EV:  9    Int:  7 (9)  God:    Makhleb [*****.]
Gold:   1676       SH: 12    Dex: 12      Spells: 13/13 levels left

rFire    . . .     SeeInvis +   T - +1 mace (crush)
rCold    . . .     Gourm    .   c - +0 shield
rNeg     + + .     Faith    +   E - +1 plate armour
rPois    ∞         Spirit   .   o - +0 helmet
rElec    +         Reflect  .   s - +0 cloak
rCorr    .         Harm     .   (no gloves)
MR       +....                  (no boots)
Stlth    ..........             C - amulet of faith
HPRegen  0.25/turn              U - ring of see invisible
MPRegen  0.16/turn              P - ring of positive energy

@: lightly drained
A: big wings, negative energy resistance 1, electricity resistance, strong 1,
unbreathing, petrification resistance, rot immunity, AC +10
a: Fly, Minor Destruction, Lesser Servant of Makhleb, Major Destruction, Greater
Servant of Makhleb, Renounce Religion


You were on level 2 of the Orcish Mines.
You worshipped Makhleb.
Makhleb was extremely pleased with you.
You were not hungry.

You visited 4 branches of the dungeon, and saw 19 of its levels.
You also visited: Sewer.

You collected 1676 gold pieces.

Inventory:

Hand Weapons
 a - a +1 flail
 T - a +1 mace of crushing (weapon)
Missiles
 g - 549 stones (quivered)
Armour
 c - a +0 shield (worn)
 o - a +0 helmet (worn)
 s - a +0 cloak (worn)
 E - a +1 plate armour (worn)
Jewellery
 n - an uncursed amulet of regeneration
 x - an uncursed amulet of guardian spirit
 C - an amulet of faith (around neck)
 P - a ring of positive energy (right hand)
 R - an uncursed amulet of harm
 U - a ring of see invisible (left hand)
Wands
 i - a wand of scattershot (4)
 G - a wand of flame (18)
 J - a wand of acid (16)
 K - a wand of iceblast (6)
 L - a wand of polymorph (19)
 M - a wand of random effects (29)
 Q - a wand of enslavement (4)
Scrolls
 b - 3 scrolls of enchant armour
 e - 4 scrolls of identify
 k - 2 scrolls of blinking
 m - 4 scrolls of remove curse
 p - 2 scrolls of immolation {unknown}
 u - 3 scrolls of teleportation
 w - 2 scrolls of enchant weapon
 y - a scroll of silence
 z - 2 scrolls of amnesia
 A - 3 scrolls of fear
 O - 2 scrolls of magic mapping {unknown}
 S - 2 scrolls of fog {unknown}
Potions
 d - 6 potions of might
 h - 4 potions of flight
 j - 2 potions of haste
 l - 2 potions of agility
 q - 4 potions of ambrosia
 r - 8 potions of heal wounds
 t - 2 potions of brilliance
 v - 7 potions of curing
 B - a potion of resistance
 D - a potion of mutation
 F - 6 potions of lignification
 H - 2 potions of magic
 I - 2 potions of invisibility
 N - 3 potions of berserk rage
Comestibles
 f - 37 rations
 V - 3 chunks of flesh


   Skills:
 * Level 11.8(11.6) Fighting
 * Level 13.3(13.0) Maces & Flails
 + Level 10.4(10.2) Armour
 + Level 7.6(7.4) Dodging
 + Level 10.4(10.2) Shields
 + Level 7.5(7.3) Invocations


You had 13 spell levels left.
You didn't know any spells.
Your spell library contained the following spells:

 Spells                   Type           Power        Failure   Level  Hunger
 Flame Tongue             Conj/Fire      #....        100%        1    ##.....
 Shock                    Conj/Air       #...         100%        1    ##.....
 Swiftness                Chrm/Air       #.......     100%        2    ###....
 Throw Flame              Conj/Fire      #.....       100%        2    ###....
 Conjure Flame            Conj/Fire      #.......     100%        3    ####...
 Inner Flame              Hex/Fire       #.......     100%        3    ####...
 Static Discharge         Conj/Air       #.......     100%        3    ####...
 Airstrike                Air            #.........   100%        4    #####..
 Sticky Flame             Conj/Fire      #.......     100%        4    #####..
 Fireball                 Conj/Fire      #.........   100%        5    ######.
 Lightning Bolt           Conj/Air       #.........   100%        5    ######.


Dungeon Overview and Level Annotations

Branches:
Dungeon (11/15)            Temple (1/1) D:5            Lair (5/6) D:11
  Swamp (0/4) Lair:4       Spider (0/4) Lair:2        Slime (0/5) Lair:5
    Orc (2/2) D:9             Elf (0/3) Orc:2

Altars:
Ashenzari
Cheibriados
Dithmenos
Elyvilon
Fedhas
Gozag
Hepliaklqana
Kikubaaqudgha
Makhleb
Nemelex Xobeh
Okawaru
Qazlal
Ru
Sif Muna
Trog
Uskayaw
Vehumet
Wu Jian
Xom
Yredelemnul
Zin
The Shining One
Jiyva

Shops:
D:8 [   Orc:2 !

Annotations:
D:4 1 transporter
D:11 1 runed translucent door, Kobolds4U's ghost, journeyman MiFi
Lair:2 3 runed translucent doors, Sonja; voshxz's ghost, journeyman MiBe
Orc:2 3 runed translucent doors, SharpKris's ghost, journeyman KoBe


Innate Abilities, Weirdness & Mutations

You are resistant to torment.
Your stone body is resilient. (AC +10)
You are immune to poison.
Your large and strong wings let you fly indefinitely.
You resist negative energy. (rN+)
You are resistant to electric shocks. (rElec)
You can survive without breathing.
You are immune to petrification.
You are immune to rotting.
Your muscles are strong. (Str +2)


Message History

The orc sorcerer is severely wounded.
The orc sorcerer hits you but does no damage.
You block the orc knight's attack.
You hit the orc sorcerer but do no damage.
The orc sorcerer is severely wounded.
The orc sorcerer completely misses you.
The orc knight hits you with a +3 great mace of crushing!!
You hit the orc sorcerer.
The orc sorcerer is almost dead.
You block the orc sorcerer's attack.
You hit the orc sorcerer.
The orc sorcerer is almost dead.
The orc knight hits you with a +3 great mace of crushing!
* * * LOW HITPOINT WARNING * * *
x2 You closely miss the orc sorcerer.
The orc sorcerer is almost dead.
The orc sorcerer gestures wildly while chanting.
The orc sorcerer casts a spell at you. The bolt of fire hits you!!
You die...

...#....#.### ##.##
..######....## #...##
.###...##....# ####....#
##......###.####)#....##
#........####.#).....##
....##.)[.##..)#.#....#
...####)..##.o###.....#
... #....#..o###o...#
..÷ ##.....3o.@#....#
... #).........#...# ###
.§.
#..............###.##


.oo #..............#....### ÷.. ###.............#.......##
##.#..............#.......# #........................##
##.......................# ##.......................# You could see 2 orc
knights, a soul eater and an orc sorcerer.

Vanquished Creatures
  Snorg (D:10)
  Erolcha (D:10)
  3 hydras
  Urug (Lair:2)
  2 orc high priests (Orc:2)
  2 orc knights
  3 orc sorcerers
  2 manticores (Lair:4)
  A cyclops (D:11)
  3 elephants (Lair:4)
  4 black mambas
  A torpor snail (Lair:3)
  A gargoyle (D:11)
  5 spiny frogs
  5 komodo dragons
  4 rime drakes (Lair:4)
  2 queen bees
  A troll (Orc:2)
  3 meliai (Lair:4)
  2 jumping spiders (Lair:2)
  A merfolk (D:9)
  5 hippogriffs
  13 blink frogs
  2 dream sheep (Lair:3)
  2 redbacks (Lair:2)
  27 yaks
  A wyvern (Lair:4)
  5 basilisks
  A steam dragon (Lair:4)
  8 porcupines
  6 water moccasins
  2 black bears
  Purgy (Sewer)
  2 ice beasts
  14 orc warriors
  6 sky beasts
  3 phantoms
  A necrophage (D:5)
  12 ogres
  3 wolves (Lair:4)
  3 centaurs
  10 crocodiles
  2 big kobolds (D:9)
  11 bullfrogs
  2 scorpions
  A water moccasin skeleton (D:7)
  58 killer bees
  A wight (D:11)
  An electric eel (Lair:3)
  10 howler monkeys
  3 crimson imps
  7 orc priests
  3 quasits (D:7)
  2 bullfrog zombies
  A centaur skeleton (D:11)
  2 jellies (D:10)
  2 bullfrog skeletons
  5 hounds
  14 orc wizards
  Natasha (twice) (D:3)
  4 iguanas
  8 worker ants
  Terence (D:2)
  2 worker ant zombies
  6 gnolls
  A howler monkey skeleton (D:5)
  9 adders
  A shadow imp (D:6)
  A white imp (D:4)
  An adder skeleton (D:9)
  A worm (D:5)
  A dart slug (D:3)
  4 leopard geckos
  46 orcs
  4 giant cockroaches
  11 goblins
  9 hobgoblins
  9 jackals
  23 kobolds
  7 quokkas
  2 ball pythons
  9 bats
  14 frilled lizards
  2 leopard gecko skeletons
  A quokka skeleton (D:4)
  8 rats
  A plant (D:11)
488 creatures vanquished.

Vanquished Creatures (collateral kills)
  2 hydras
  A black mamba (Lair:3)
  Maurice (Orc:1)
  3 rime drakes (Lair:4)
  3 blink frogs (Lair:2)
  A hippogriff (Lair:4)
  An orc warrior (Orc:2)
  An orc priest (Orc:2)
  An orc wizard (Orc:2)
14 creatures vanquished.

Vanquished Creatures (others)
  A fungus (Lair:2)
  A plant (Lair:2)
2 creatures vanquished.

Grand Total: 504 creatures vanquished

Notes
Turn   | Place    | Note
-------+----------+-------------------------------------------
     0 | D:1      | MachJacob the Gargoyle Fighter began the quest for the Orb.
     0 | D:1      | Reached XP level 1. HP: 14/14 MP: 1/1
   139 | D:1      | Reached XP level 2. HP: 13/19 MP: 2/2
   919 | D:2      | Reached skill level 3 in Maces & Flails
   919 | D:2      | Reached XP level 3. HP: 16/24 MP: 3/3
  1058 | D:2      | Found a shadowy altar of Dithmenos.
  1082 | D:2      | Noticed Terence
  1102 | D:2      | Killed Terence
  1245 | D:2      | Reached XP level 4. HP: 29/29 MP: 4/4
  1951 | D:3      | Noticed Natasha
  1960 | D:3      | Killed Natasha
  1967 | D:3      | Reached skill level 4 in Maces & Flails
  1967 | D:3      | Reached XP level 5. HP: 29/34 MP: 5/5
  2206 | D:3      | Noticed Natasha
  2218 | D:3      | Killed Natasha
  2831 | D:4      | Found a transporter.
  3118 | D:4      | Reached XP level 6. HP: 34/39 MP: 6/6
  3209 | D:4      | Found a glowing drain.
  3237 | D:4      | Reached skill level 1 in Dodging
  3243 | Sewer    | Entered a sewer
  3366 | Sewer    | Noticed Purgy
  3397 | Sewer    | Killed Purgy
  3397 | Sewer    | Reached skill level 5 in Maces & Flails
  4002 | D:4      | Reached XP level 7. HP: 44/44 MP: 7/7
  4104 | D:4      | Reached skill level 5 in Fighting
  4349 | D:4      | Found a transporter.
  5006 | D:5      | Entered Level 5 of the Dungeon
  5008 | D:5      | Found a sacrificial altar of Ru.
  5028 | D:5      | Reached skill level 6 in Maces & Flails
  5056 | D:5      | Reached XP level 8. HP: 45/50 MP: 8/8
  5504 | D:5      | Found a staircase to the Ecumenical Temple.
  5512 | Temple   | Entered the Ecumenical Temple
  5598 | Temple   | Became a worshipper of Makhleb the Destroyer
  5968 | D:6      | Reached skill level 5 in Armour
  5968 | D:6      | Reached skill level 5 in Shields
  6591 | D:6      | Reached * piety under Makhleb
  7123 | D:6      | Reached skill level 7 in Maces & Flails
  7755 | D:7      | Reached XP level 9. HP: 55/55 MP: 9/9
  8195 | D:7      | Reached ** piety under Makhleb
  8507 | D:7      | Reached skill level 8 in Maces & Flails
  9544 | D:8      | Found Dex Eschy's Antique Armour Shoppe.
  9645 | D:8      | Reached XP level 10. HP: 63/63 MP: 10/10
 10067 | D:9      | Reached skill level 9 in Maces & Flails
 10326 | D:9      | Reached *** piety under Makhleb
 10985 | D:9      | Found a staircase to the Orcish Mines.
 11068 | D:9      | Reached skill level 1 in Invocations
 11411 | D:10     | Entered Level 10 of the Dungeon
 11504 | D:10     | Noticed Snorg
 11528 | D:10     | HP: 2/64 [Snorg (3)]
 11550 | D:10     | Killed Snorg
 11841 | D:10     | Reached skill level 5 in Dodging
 11896 | D:10     | Reached skill level 10 in Maces & Flails
 11913 | D:10     | Reached XP level 11. HP: 66/68 MP: 12/12
 11941 | D:10     | Noticed Erolcha
 11952 | D:10     | Killed Erolcha
 12247 | D:10     | Noticed a lindwurm
 12329 | D:10     | Noticed a lindwurm
 12419 | D:10     | Reached **** piety under Makhleb
 12874 | D:11     | Found a staircase to the Lair.
 13296 | D:11     | Noticed a cyclops
 13323 | D:11     | Killed a cyclops
 13444 | D:11     | Noticed a seven-headed hydra
 13468 | D:11     | Killed a seven-headed hydra
 14044 | D:11     | Found a runed translucent door.
 14046 | D:11     | Noticed Kobolds4U's ghost (journeyman MiFi)
 14159 | Lair:1   | Entered Level 1 of the Lair of Beasts
 14743 | Lair:1   | Reached skill level 11 in Maces & Flails
 15341 | Lair:1   | Reached XP level 12. HP: 59/76 MP: 15/15
 15873 | Lair:1   | Reached ***** piety under Makhleb
 16093 | Lair:1   | Reached skill level 5 in Invocations
 16277 | Lair:2   | Found a runed translucent gate.
 16277 | Lair:2   | Found a runed translucent gate.
 16709 | Lair:2   | Found a hole to the Spider Nest.
 16825 | Lair:2   | Noticed Sonja
 16979 | Lair:2   | Noticed voshxz's ghost (journeyman MiBe)
 16980 | Lair:2   | Noticed a minotaur
 17181 | Lair:2   | Noticed Urug
 17236 | Lair:2   | Killed Urug
 17420 | Lair:2   | Found a runed translucent gate.
 17943 | Lair:2   | Gained mutation: Your muscles are strong. (Str +2) [a
                  | neqoxec]
 18878 | Lair:3   | Reached skill level 12 in Maces & Flails
 19020 | Lair:3   | Noticed a five-headed hydra
 19093 | Lair:3   | Killed a five-headed hydra
 19408 | Lair:3   | Reached skill level 10 in Fighting
 20209 | Lair:4   | Reached XP level 13. HP: 82/82 MP: 17/17
 21354 | Lair:4   | Reached skill level 10 in Armour
 21645 | Lair:4   | Found a staircase to the Swamp.
 22234 | Lair:5   | Reached skill level 10 in Shields
 22870 | Lair:4   | Reached skill level 13 in Maces & Flails
 23124 | Lair:5   | Found a staircase to the Slime Pits.
 23124 | Lair:5   | Found a viscous altar of Jiyva.
 23521 | Orc:1    | Entered Level 1 of the Orcish Mines
 23558 | Orc:1    | Noticed Maurice
 23571 | Orc:1    | Killed Maurice
 23730 | Orc:2    | Entered Level 2 of the Orcish Mines
 23730 | Orc:2    | Found a staircase to the Elven Halls.
 23731 | Orc:2    | Noticed SharpKris's ghost (journeyman KoBe)
 23733 | Orc:2    | Noticed a minotaur
 23783 | Orc:2    | Paralysed by an orc sorcerer for 2 turns
 23955 | Orc:2    | Found a runed translucent gate.
 23956 | Orc:2    | Found a runed translucent gate.
 23957 | Orc:2    | Found a runed translucent gate.
 23967 | Orc:2    | Found Wedenwusko's Distillery.
 25307 | Orc:2    | Paralysed by an orc sorcerer for 5 turns
 25416 | Orc:2    | Gained mutation: Your large and strong wings let you fly
                  | indefinitely. [Gargoyle growth]
 25416 | Orc:2    | Reached XP level 14. HP: 43/91 MP: 19/19
 25929 | Orc:2    | Killed from afar by an orc sorcerer

Skill      XL: |  1  2  3  4  5  6  7  8  9 10 11 12 13 |
---------------+----------------------------------------+-----
Maces & Flails | 3 4 5 6 7 8 10 11 12 13 | 13.3
Fighting       | 4 5 6 7 8 9 10 11 | 11.8
Dodging        | 1 2 3 4 5 6 7 |  7.6
Shields        | 4 5 6 7 8 9 10 | 10.4
Armour         | 4 5 6 7 8 9 10 | 10.4
Invocations    | 2 4 6 7 |  7.5

Action                   |  1- 3 |  4- 6 |  7- 9 | 10-12 | 13-15 || total
-------------------------+-------+-------+-------+-------+-------++-------
Melee: Flail             |   114 |   239 |   651 |  1268 |   509 ||  2781
       Unarmed           |       |       |       |     4 |       ||     4
       Mace              |       |       |       |       |   307 ||   307
Throw: Stone             |    46 |    61 |   146 |   138 |    15 ||   406
Invok: Lesser Servant of |       |       |       |    10 |     8 ||    18
       Minor Destruction |       |       |       |    28 |    74 ||   102
       Greater Servant o |       |       |       |       |     1 ||     1
Evoke: Wand              |       |       |       |     7 |       ||     7
  Use: Scroll            |     4 |       |    13 |    12 |     4 ||    33
       Potion            |       |       |       |     5 |       ||     5
 Stab: Distracted        |       |       |       |     1 |       ||     1
  Eat: Chunk             |     1 |    10 |    15 |    25 |    20 ||    71
       Ration            |       |       |     1 |     3 |       ||     4
Armor: Scale mail        |    25 |       |       |       |       ||    25
       Chain mail        |    52 |   185 |   130 |       |       ||   367
       Plate armour      |       |       |   224 |   645 |   450 ||  1319
Dodge: Dodged            |    28 |    45 |   121 |   331 |   238 ||   763
Block: Shield            |    51 |   102 |   289 |   658 |   492 ||  1592
